[Event "Titled Tuesday Blitz August 02 Late 2022"]
[White "Vovk, Orest"]
[Black "Harvey, Marcus R"]
[WhiteFideId "14113490"]
[BlackFideId "400092"]
[WhiteElo "2203"]
[BlackElo "2485"]
[Result "0-1"]
[Round "04"]
[TimeControl "180+1"]
[Date "2022.08.02"]
[WhiteClock "0:00:06"]
[BlackClock "0:00:23"]

1. h3 b6 2. e4 Bb7 3. Nc3 Nf6 4. e5 Nd5 5. Nxd5 Bxd5 6. c4 Bb7 7. d4 e6 8. a3 d6 9. Be3 dxe5 10. dxe5 Nc6 11. Qxd8+ Rxd8 12. Nf3 h6 13. Be2 g6 14. Bf4 Bg7 15. O-O O-O 16. Rfd1 g5 17. Bg3 Ne7 18. Nd4 Ng6 19. Bf3 Bxf3 20. Nxf3 Kh7 21. Kf1 Ne7 22. Bh2 Nc6 23. b4 Kg6 24. g4 a6 25. b5 Na5 26. bxa6 Nxc4 27. Rxd8 Rxd8 28. Rc1 Nxa3 29. Rxc7 Ra8 30. a7 Nb5 31. Rb7 Rxa7 32. Rxb6 Nc3 33. Kg2 Nd5 34. Rd6 Bf8 35. Rc6 Ra4 36. Rc8 Be7 37. Rg8+ Kh7 38. Rc8 Kg7 39. Bg3 Ba3 40. h4 Rxg4 41. hxg5 h5 42. Kh3 Be7 43. Re8 Bxg5 44. Nxg5 Rxg5 45. Kh4 Rf5 46. Kh3 Nf4+ 47. Kh2 Ng6 48. Ra8 h4 49. Ra5 hxg3+ 50. Kxg3 Rxe5 51. Ra4 Rg5+ 52. Kf3 Rf5+ 53. Ke2 Kf6 54. Kf1 Nf4 55. Ra3 e5 56. Ra6+ Kg7 57. Ra7 Rf6 58. Ra5 Rc6 59. Rxe5 Rc1+ 60. Re1 Rxe1+ 61. Kxe1 Kf6 62. Kd2 Kf5 63. Ke3 f6 64. Kf3 Ne6 65. Ke3 Nf8 66. Kf3 Ng6 67. Kg3 Ne7 68. Kf3 Nc6 69. Ke3 Ne5 70. f4 Ng6 0-1


[Site "https://www.chess.com"]

[Event "Titled Tuesday Blitz August 02 Late 2022"]
[White "Wachinger, Nikolas"]
[Black "Pakleza, Zbigniew"]
[WhiteFideId "12962791"]
[BlackFideId "1119290"]
[WhiteElo "2253"]
[BlackElo "2467"]
[Result "1-0"]
[Round "04"]
[TimeControl "180+1"]
[Date "2022.08.02"]
[WhiteClock "0:00:03"]
[BlackClock "0:00:04"]

1. d4 d6 2. e4 Nf6 3. Nc3 c6 4. a4 Nbd7 5. Nf3 e5 6. Bc4 Be7 7. O-O O-O 8. h3 a5 9. Re1 h6 10. Ba2 Qc7 11. Nh4 exd4 12. Qxd4 Re8 13. Ng6 Nc5 14. Nxe7+ Qxe7 15. Bf4 Rd8 16. Rad1 Ne8 17. Qe3 Be6 18. Bxe6 Nxe6 19. Bg3 Rd7 20. Nd5 cxd5 21. exd5 N8c7 22. dxe6 Nxe6 23. Rd5 Qf6 24. b3 Rc8 25. c4 Nc5 26. Red1 Re7 27. Qf3 Qxf3 28. gxf3 Nxb3 29. Bxd6 Re2 30. Rb5 Nd2 31. c5 Nxf3+ 32. Kg2 Ng5 33. Rxb7 Ra2 34. Be7 Ne4 35. Bh4 Rxa4 36. Rdd7 Ng5 37. Bxg5 hxg5 38. Rxf7 Rxc5 39. Rxg7+ Kf8 40. Rbf7+ Ke8 41. Ra7 Kf8 42. Rgf7+ Kg8 43. Rg7+ Kf8 44. Rh7 Kg8 45. Rhb7 Rc8 46. Rb5 g4 47. Rg5+ Kh8 48. hxg4 Ra2 49. Kg3 Rc3+ 50. f3 a4 51. Rb5 Rc8 52. Rba5 Rc4 53. Rb5 Rc8 54. Rh5+ Kg8 55. Rg5+ Kh8 56. Rb7 a3 57. Ra5 Ra1 58. Raa7 a2 59. Kf4 Rf8+ 60. Kg5 Rc8 61. Rh7+ Kg8 62. Rhg7+ Kh8 63. Rh7+ Kg8 64. Rhd7 Rb8 65. f4 Rd1 66. Rxd1 a1=Q 67. Rdxa1 Rb5+ 68. f5 Rb8 69. Ra8 Kg7 70. Rxb8 1-0


[Site "https://www.chess.com"]

[Event "Titled Tuesday Blitz August 02 Late 2022"]
[White "Wu, Rochelle"]
[Black "Makarian, Rudik"]
[WhiteFideId "30908132"]
[BlackFideId "44105681"]
[WhiteElo "2168"]
[BlackElo "2403"]
[Result "0-1"]
[Round "04"]
[TimeControl "180+1"]
[Date "2022.08.02"]
[WhiteClock "0:01:14"]
[BlackClock "0:01:39"]

1. g3 Nf6 2. Bg2 e6 3. d4 d5 4. Nf3 b5 5. O-O Nbd7 6. b3 Bb7 7. Ne5 b4 8. a3 a5 9. c3 Be7 10. c4 Nxe5 11. dxe5 Nd7 12. Bb2 Nc5 13. Qc2 O-O 14. Nd2 dxc4 15. Nxc4 Bxg2 16. Kxg2 Qd5+ 17. f3 a4 18. bxa4 b3 19. Qc1 Nxa4 20. Rd1 Qb5 21. Rb1 Rfd8 22. Bd4 c5 0-1


[Site "https://www.chess.com"]

[Event "Titled Tuesday Blitz August 02 Late 2022"]
[White "Yanchenko, Roman"]
[Black "Wieczorek, Oskar"]
[WhiteFideId "4137329"]
[BlackFideId "1133950"]
[WhiteElo "2514"]
[BlackElo "2330"]
[Result "1-0"]
[Round "04"]
[TimeControl "180+1"]
[Date "2022.08.02"]
[WhiteClock "0:00:20"]
[BlackClock "0:00:02"]

1. d4 Nf6 2. Nf3 g6 3. c4 c5 4. Nc3 cxd4 5. Nxd4 Nc6 6. g3 d6 7. Bg2 Bd7 8. O-O Bg7 9. e3 h5 10. h4 Ng4 11. b3 O-O 12. Bb2 Nxd4 13. exd4 Rb8 14. Nd5 e6 15. Nf4 b5 16. Qd2 bxc4 17. bxc4 Qb6 18. Rab1 Rfc8 19. c5 Qa6 20. Bc3 Bb5 21. Rfc1 dxc5 22. dxc5 Bxc3 23. Rxc3 Bc6 24. Re1 Rd8 25. Qc2 Bxg2 26. Kxg2 Qc6+ 27. Kg1 e5 28. Ng2 e4 29. Qxe4 Qxe4 30. Rxe4 Rd1+ 31. Re1 Rbb1 32. Kf1 Rxe1+ 33. Nxe1 Nf6 34. c6 Rb8 35. Nd3 Rc8 36. Ne5 Kf8 37. Rb3 Ng4 38. Nxg4 hxg4 39. Rc3 Ke7 40. Ke2 Kd6 41. Ke3 Kc7 42. Kf4 1-0


[Site "https://www.chess.com"]

[Event "Titled Tuesday Blitz August 02 Late 2022"]
[White "Yoo, Christopher Woojin"]
[Black "Harshavardhan G B"]
[WhiteFideId "30909694"]
[BlackFideId "25059009"]
[WhiteElo "2105"]
[BlackElo "1831"]
[Result "1-0"]
[Round "04"]
[TimeControl "180+1"]
[Date "2022.08.02"]
[WhiteClock "0:01:11"]
[BlackClock "0:01:17"]

1. e4 c5 2. Nf3 d6 3. d4 cxd4 4. Nxd4 Nf6 5. Nc3 Nc6 6. Bg5 e6 7. Qd3 Bd7 8. Ndb5 h6 9. Bxf6 Qxf6 10. Nc7+ Kd8 11. Nxa8 Kc8 12. Qd2 Kb8 13. O-O-O Kxa8 14. f4 Bc8 15. Nb5 Be7 16. Nxd6 Rd8 17. e5 Qg6 18. Bd3 f5 19. exf6 Qxf6 20. Nxc8 Rxc8 21. Be4 Bc5 22. Kb1 a6 23. Bxc6 bxc6 24. Qd7 Kb8 25. Rd3 Bb6 26. Rb3 1-0


[Site "https://www.chess.com"]

[Event "Titled Tuesday Blitz August 02 Late 2022"]
[White "Zhigalko, Sergei"]
[Black "Naroditsky, Daniel"]
[WhiteFideId "13502956"]
[BlackFideId "2026961"]
[WhiteElo "2662"]
[BlackElo "2608"]
[Result "0-1"]
[Round "04"]
[TimeControl "180+1"]
[Date "2022.08.02"]
[WhiteClock "0:00:01"]
[BlackClock "0:01:02"]

1. e4 e5 2. Nf3 Nc6 3. Bc4 Nf6 4. d3 h6 5. O-O d6 6. c3 g5 7. Re1 Bg7 8. a4 a5 9. Na3 g4 10. Nd2 h5 11. Nf1 h4 12. Ne3 Bh6 13. Qb3 Rh7 14. Nb5 g3 15. fxg3 hxg3 16. h3 Ne7 17. Rf1 Bf4 18. Bd2 c6 19. Na3 Bxh3 20. gxh3 Qd7 21. Nf5 Nxf5 22. Bxf4 Nh4 23. Qc2 Qxh3 0-1


[Site "https://www.chess.com"]

[Event "Titled Tuesday Blitz August 02 Late 2022"]
[White "Alekseenko, Kirill"]
[Black "Wachinger, Nikolas"]
[WhiteFideId "4135539"]
[BlackFideId "12962791"]
[WhiteElo "2682"]
[BlackElo "2253"]
[Result "1-0"]
[Round "05"]
[TimeControl "180+1"]
[Date "2022.08.02"]
[WhiteClock "0:00:47"]
[BlackClock "0:00:05"]

1. f4 g6 2. e4 Bg7 3. Nf3 c5 4. Bc4 Nc6 5. a3 e6 6. Nc3 Nge7 7. Ba2 d5 8. e5 Nf5 9. O-O Bd7 10. d3 Rb8 11. Ne2 h5 12. Bd2 b5 13. c3 a5 14. d4 Qb6 15. Kh1 c4 16. Bb1 b4 17. axb4 axb4 18. Ng5 Na5 19. Bc2 Nb3 20. Rb1 Ba4 21. Qe1 Nxd2 22. Bxa4+ Kf8 23. Qxd2 b3 24. Ra1 Bh6 25. Ra3 Ra8 26. Rfa1 Ke7 27. g3 Ra7 28. Nxf7 Rxa4 29. Nxh6 Rxa3 30. Nxf5+ gxf5 31. Rxa3 Qb7 32. Qc1 1-0


[Site "https://www.chess.com"]

[Event "Titled Tuesday Blitz August 02 Late 2022"]
[White "Andreikin, Dmitry"]
[Black "Bortnyk, Olexandr"]
[WhiteFideId "4158814"]
[BlackFideId "14120828"]
[WhiteElo "2736"]
[BlackElo "2723"]
[Result "1-0"]
[Round "05"]
[TimeControl "180+1"]
[Date "2022.08.02"]
[WhiteClock "0:00:35"]
[BlackClock "0:00:01"]

1. d4 d6 2. e4 Nf6 3. Nc3 e5 4. Nf3 Nbd7 5. Bc4 Be7 6. O-O c6 7. Re1 Qc7 8. a4 h6 9. Ba2 Nf8 10. Ne2 Nxe4 11. dxe5 dxe5 12. Ng3 Nxg3 13. Nxe5 Be6 14. Bf4 Rd8 15. Qf3 Nf5 16. Nxf7 Nd4 17. Qe4 Qd7 18. Nxh8 Bxa2 19. Rxa2 Qe6 20. Raa1 Qxe4 21. Rxe4 Nxc2 22. Rc1 g5 23. Be5 Nb4 24. Bf6 Nd5 25. Rce1 Rd7 26. Bg7 Nh7 27. Bxh6 Ndf6 28. R4e2 Kd8 29. Nf7+ Kc8 30. Rxe7 1-0


[Site "https://www.chess.com"]

[Event "Titled Tuesday Blitz August 02 Late 2022"]
[White "Awatramani, Janak"]
[Black "Holt, Conrad"]
[WhiteFideId "2608359"]
[BlackFideId "2034387"]
[WhiteElo "2775"]
[BlackElo "2586"]
[Result "0-1"]
[Round "05"]
[TimeControl "180+1"]
[Date "2022.08.02"]
[WhiteClock "0:00:15"]
[BlackClock "0:00:21"]

1. b3 d5 2. Bb2 Bg4 3. Nf3 Nc6 4. e3 e5 5. Be2 Bd6 6. d4 Bxf3 7. Bxf3 exd4 8. O-O Nf6 9. exd4 O-O 10. c4 Re8 11. cxd5 Ne7 12. Nc3 Qd7 13. Rc1 Bf4 14. Rc2 Rac8 15. g3 Bh6 16. d6 cxd6 17. d5 Ng6 18. Ne2 Ne5 19. Bg2 Rxc2 20. Qxc2 Rc8 21. Qb1 Bd2 22. Rd1 Ba5 23. h3 Bb6 24. Nd4 h5 25. f4 Ng6 26. Kh1 Ne7 27. Ne2 Nfxd5 28. Bd4 Bxd4 29. Rxd4 Ne3 30. Qd3 N7f5 31. Re4 Nxg2 32. Kxg2 Qc6 33. Kf2 Qc5+ 34. Kg2 Qc2 35. Re8+ Rxe8 0-1


[Site "https://www.chess.com"]

[Event "Titled Tuesday Blitz August 02 Late 2022"]
[White "Barp, Alberto"]
[Black "Babazada, Khazar"]
[WhiteFideId "872555"]
[BlackFideId "13413554"]
[WhiteElo "2229"]
[BlackElo "2409"]
[Result "0-1"]
[Round "05"]
[TimeControl "180+1"]
[Date "2022.08.02"]
[WhiteClock "0:00:08"]
[BlackClock "0:00:53"]

1. d4 b6 2. Nf3 Bb7 3. g3 Nf6 4. Bg2 g6 5. O-O Bg7 6. c4 O-O 7. d5 Na6 8. Nd4 Qc8 9. Nc3 e5 10. Ndb5 d6 11. h3 Nd7 12. e4 f5 13. f4 exf4 14. Bxf4 fxe4 15. Nxe4 Nac5 16. Ng5 Ne5 17. b4 Ncd3 18. Bxe5 Rxf1+ 19. Qxf1 Nxe5 20. Ne6 Ba6 21. Nexc7 Bxb5 22. Nxb5 Qd7 23. Rc1 a5 24. c5 bxc5 25. bxc5 dxc5 26. d6 Rf8 27. Qe2 c4 28. a4 Kh8 29. Kh1 h5 30. Rf1 Rc8 31. Qc2 c3 32. Re1 h4 33. gxh4 Qf7 34. Re3 Qf4 35. Rxc3 Rf8 36. Rc8 Rxc8 37. Qxc8+ Kh7 38. d7 Qd2 39. Qc3 Qd1+ 40. Kh2 Ng4+ 41. hxg4 Bxc3 42. Nxc3 Qxd7 0-1


[Site "https://www.chess.com"]

[Event "Titled Tuesday Blitz August 02 Late 2022"]
[White "Bilych, Olexiy"]
[Black "Vazquez Espino, Uriel"]
[WhiteFideId "14156504"]
[BlackFideId "5119138"]
[WhiteElo "2189"]
[BlackElo "2385"]
[Result "1-0"]
[Round "05"]
[TimeControl "180+1"]
[Date "2022.08.02"]
[WhiteClock "0:00:58"]
[BlackClock "0:00:23"]

1. e4 c5 2. Nf3 e6 3. d4 cxd4 4. Nxd4 Nc6 5. Nc3 Qc7 6. g3 a6 7. Bg2 Nf6 8. O-O Nxd4 9. Qxd4 Bc5 10. Bf4 d6 11. Qd2 h6 12. Rad1 e5 13. Be3 Bxe3 14. fxe3 Be6 15. Qxd6 Rc8 16. a4 Qc5 17. Qxc5 Rxc5 18. Rd2 Ke7 19. Nd5+ Bxd5 20. exd5 Ne8 21. b3 Nd6 22. c4 Rb8 23. Ra1 Rbc8 24. Bf1 a5 25. Rb2 R8c7 26. Rab1 Rc8 27. Kf2 R5c7 28. g4 Ne4+ 29. Kf3 Nd6 30. e4 g5 31. Ke3 Rc5 32. Be2 R5c7 33. Bd3 Rc5 34. Rf1 Ra8 35. Rbf2 Ra6 36. Rh1 Rb6 37. Bc2 f6 38. h4 Nf7 39. hxg5 fxg5 40. Rhf1 Nd8 41. Rf5 1-0


[Site "https://www.chess.com"]

[Event "Titled Tuesday Blitz August 02 Late 2022"]
[White "Chigaev, Maksim"]
[Black "Barria Zuniga, Daniel"]
[WhiteFideId "4108116"]
[BlackFideId "3400816"]
[WhiteElo "2438"]
[BlackElo "2414"]
[Result "1-0"]
[Round "05"]
[TimeControl "180+1"]
[Date "2022.08.02"]
[WhiteClock "0:01:15"]
[BlackClock "0:00:08"]

1. d4 Nf6 2. c4 e6 3. Nc3 Bb4 4. e3 Bxc3+ 5. bxc3 d6 6. f3 c5 7. Bd3 Nc6 8. Ne2 e5 9. O-O h6 10. e4 cxd4 11. cxd4 exd4 12. Bb2 O-O 13. Kh1 Qb6 14. Rb1 Qc5 15. Ba1 a6 16. Bc2 Be6 17. Nxd4 Bxc4 18. Re1 b5 19. Nf5 Rfd8 20. Nxh6+ gxh6 21. Bxf6 d5 22. f4 d4 23. Bd3 Kh7 24. e5+ Bxd3 25. Qxd3+ Kg8 26. Qg3+ Kf8 27. Qg7+ Ke8 28. Rbc1 Qd5 29. e6 fxe6 30. Rxc6 1-0


[Site "https://www.chess.com"]

[Event "Titled Tuesday Blitz August 02 Late 2022"]
[White "Clarke, Brandon G I"]
[Black "Gschnitzer, Adrian"]
[WhiteFideId "400319"]
[BlackFideId "1270337"]
[WhiteElo "2414"]
[BlackElo "2294"]
[Result "1-0"]
[Round "05"]
[TimeControl "180+1"]
[Date "2022.08.02"]
[WhiteClock "0:00:59"]
[BlackClock "0:00:05"]

1. e4 c5 2. Nf3 Nc6 3. Bb5 g6 4. Bxc6 bxc6 5. O-O Bg7 6. Re1 e5 7. b3 Ne7 8. d3 O-O 9. Nbd2 d6 10. Bb2 h6 11. a3 a5 12. Nc4 Be6 13. Bc3 f5 14. a4 f4 15. Qd2 Bg4 16. Bxa5 Qb8 17. Bb6 Bxf3 18. gxf3 g5 19. a5 Ng6 20. Kf1 g4 21. fxg4 f3 22. Ne3 h5 23. Nf5 Nf4 24. g5 Qc8 25. Ne7+ Kh7 26. Nxc8 Raxc8 27. Re3 Nh3 28. a6 Rf4 29. a7 Rcf8 30. a8=Q Rg4 31. Rxf3 Rxf3 32. Qe3 Rxe3 33. fxe3 Rg1+ 34. Ke2 Rg2+ 35. Kd1 Nf2+ 36. Kc1 Rxh2 37. Qxc6 h4 38. Qxd6 h3 39. Kb2 Rg2 40. Ra7 h2 41. Qh6+ Kg8 42. Rxg7+ Kf8 43. Bxc5+ 1-0


[Site "https://www.chess.com"]

[Event "Titled Tuesday Blitz August 02 Late 2022"]
[White "Czarnota, Pawel"]
[Black "Fedoseev, Vladimir"]
[WhiteFideId "1121219"]
[BlackFideId "24130737"]
[WhiteElo "2534"]
[BlackElo "2726"]
[Result "1/2-1/2"]
[Round "05"]
[TimeControl "180+1"]
[Date "2022.08.02"]
[WhiteClock "0:00:07"]
[BlackClock "0:00:08"]

1. e4 c6 2. d4 d5 3. Nc3 dxe4 4. Nxe4 Nd7 5. Bc4 Ngf6 6. Nxf6+ exf6 7. Nf3 Be7 8. O-O O-O 9. Be3 Nb6 10. Bb3 a5 11. a4 Nd5 12. Re1 Be6 13. Bd2 Qd7 14. c3 b5 15. Qe2 Rfc8 16. h3 Bf8 17. Bc2 Nb6 18. Qe4 g6 19. Qh4 Bg7 20. Bh6 Nxa4 21. Bxg7 Kxg7 22. Bxa4 bxa4 23. Rxa4 Rcb8 24. Re2 Bb3 25. Ra1 Bc4 26. Rd2 Qf5 27. Qg4 Qxg4 28. hxg4 a4 29. Ne1 Rb3 30. f3 Kf8 31. Kf2 Ke7 32. Ke3 Kd6 33. Kf2 Kd5 34. g3 a3 35. bxa3 Rxc3 36. Nc2 Kd6 37. Ne3 Bb5 38. d5 c5 39. Rb2 Ra5 40. Rab1 Raxa3 41. Re1 Rcb3 42. Rxb3 Rxb3 43. Rc1 Rb2+ 44. Kg1 Re2 45. Rc3 Rb2 46. f4 Rd2 47. g5 fxg5 48. fxg5 Rd3 49. Rxd3 Bxd3 50. Kf2 Bf5 51. Ke1 Ke5 52. Kd2 Be4 53. Ng4+ Kxd5 54. Nf6+ Ke5 55. Nxh7 Kf5 56. Kc3 Bd5 57. Kd3 Be6 58. Ke3 Kg4 59. Kf2 c4 60. Ke3 Kxg3 61. Kd4 Kf4 62. Kc3 Kf5 63. Kd4 Kf4 64. Kc3 Ke5 65. Nf6 Bd5 66. Nh7 Kd6 67. Nf6 Kc5 68. Nd7+ Kd6 69. Nf6 Be6 70. Nh7 Ke5 71. Nf6 Kf4 72. Nh7 1/2-1/2


[Site "https://www.chess.com"]

[Event "Titled Tuesday Blitz August 02 Late 2022"]
[White "Djordjevic, Vuk"]
[Black "Sarana, Alexey"]
[WhiteFideId "902098"]
[BlackFideId "24133795"]
[WhiteElo "2456"]
[BlackElo "2666"]
[Result "0-1"]
[Round "05"]
[TimeControl "180+1"]
[Date "2022.08.02"]
[WhiteClock "0:00:02"]
[BlackClock "0:00:08"]

1. d4 Nf6 2. Bg5 d5 3. Bxf6 exf6 4. e3 c5 5. dxc5 Bxc5 6. Nf3 Qb6 7. Qc1 O-O 8. Nc3 Bb4 9. Qd2 Bg4 10. Be2 Rc8 11. O-O Qa5 12. Nd4 Be6 13. Rfb1 b6 14. Ndb5 a6 15. Nd4 Nd7 16. Bf3 Bxc3 17. bxc3 Qxc3 18. Qd1 Rab8 19. Nxe6 fxe6 20. Bxd5 Nc5 21. Bb3 Rd8 22. Qe1 Rd2 23. Rd1 Rbd8 24. Rxd2 Qxd2 25. Qxd2 Rxd2 26. Kf1 Kf7 27. Ke1 Rd6 28. f3 b5 29. Ke2 Ke7 30. a4 b4 31. a5 Rc6 32. Bc4 Nd7 33. Bd3 f5 34. Rb1 Rc5 35. Rxb4 Rxa5 36. Rb7 Kd6 37. Ra7 Nc5 38. Rxg7 h5 39. Rh7 Ra1 40. Rxh5 a5 41. Rh8 a4 42. Ra8 Kc7 43. Ra5 Kb6 44. Rb5+ Kc6 45. Ra5 Kb6 46. Ra8 Kb7 47. Re8 a3 48. Bc4 a2 49. Bxa2 Rxa2 50. Kd2 Ra1 51. Kc3 Kc6 52. Rc8+ Kd6 53. Rd8+ Ke7 54. Rg8 Rh1 55. h3 Kd6 56. Kc4 Nd7 57. Rg7 Rd1 58. Kc3 Nf6 59. Kc4 Re1 60. Kd3 Nd5 61. e4 fxe4+ 62. fxe4 Nf4+ 63. Kd4 e5+ 64. Kc3 Rxe4 65. Rg4 Nd5+ 66. Kd2 Rxg4 67. hxg4 Nf6 68. g5 Ne4+ 69. Kd3 Nxg5 70. Kc4 Kc6 71. g3 Nf7 72. Kd3 Nd6 73. g4 Kd5 74. Ke3 Nf7 75. Kf3 Ng5+ 76. Ke3 Ne6 77. Kd3 e4+ 78. Ke3 Ke5 79. c4 Nc5 80. Ke2 Kf4 81. Kf2 Kxg4 0-1


[Site "https://www.chess.com"]

[Event "Titled Tuesday Blitz August 02 Late 2022"]
[White "Drygalov, Sergey"]
[Black "Salem, A.R. Saleh"]
[WhiteFideId "24171743"]
[BlackFideId "9301348"]
[WhiteElo "2523"]
[BlackElo "2679"]
[Result "0-1"]
[Round "05"]
[TimeControl "180+1"]
[Date "2022.08.02"]
[WhiteClock "0:00:04"]
[BlackClock "0:00:48"]

1. d4 d5 2. c4 e6 3. Nf3 Nf6 4. Nc3 c6 5. Bg5 h6 6. Bh4 g5 7. Bg3 dxc4 8. e4 b5 9. Be2 Bg7 10. O-O O-O 11. Qc2 Nbd7 12. h4 g4 13. Nh2 Bb7 14. e5 Nh5 15. Nxg4 c5 16. Qc1 Nxg3 17. fxg3 f5 18. exf6 Nxf6 19. Nxf6+ Rxf6 20. dxc5 Qd4+ 21. Kh2 Rxf1 22. Bxf1 Rf8 23. Nxb5 Qxb2 24. Qxb2 Bxb2 25. Re1 c3 26. Bc4 Rf2 27. Bxe6+ Kf8 28. Kh3 c2 29. Nxa7 Bxg2+ 30. Kg4 Rf1 31. c6 Rxe1 32. c7 Bb7 0-1


[Site "https://www.chess.com"]

[Event "Titled Tuesday Blitz August 02 Late 2022"]
[White "Gascon Del Nogal, Jose Rafael"]
[Black "Ibarra Jerez, Jose Carlos"]
[WhiteFideId "3902463"]
[BlackFideId "2226332"]
[WhiteElo "2473"]
[BlackElo "2628"]
[Result "0-1"]
[Round "05"]
[TimeControl "180+1"]
[Date "2022.08.02"]
[WhiteClock "0:01:02"]
[BlackClock "0:02:18"]

1. e4 c5 2. Nf3 e6 3. d4 cxd4 4. Nxd4 Bc5 5. Nb3 Bb6 6. Nc3 Ne7 7. Qe2 O-O 8. Be3 f5 9. g3 fxe4 10. Nxe4 d5 11. Bxb6 Qxb6 12. Ned2 a5 13. a4 Nbc6 14. Bg2 Nb4 15. Rc1 Bd7 16. c3 Rxf2 17. cxb4 Rxe2+ 18. Kxe2 Bxa4 19. Nc5 Qxb4 20. Rhf1 0-1


[Site "https://www.chess.com"]

[Event "Titled Tuesday Blitz August 02 Late 2022"]
[White "Ghaem Maghami, Ehsan"]
[Black "Yoo, Christopher Woojin"]
[WhiteFideId "12500739"]
[BlackFideId "30909694"]
[WhiteElo "2627"]
[BlackElo "2105"]
[Result "1/2-1/2"]
[Round "05"]
[TimeControl "180+1"]
[Date "2022.08.02"]
[WhiteClock "0:00:07"]
[BlackClock "0:00:05"]

1. e4 c5 2. Nf3 e6 3. g3 Nc6 4. Bg2 d5 5. exd5 exd5 6. d4 Bg4 7. Be3 cxd4 8. Bxd4 Qe7+ 9. Kf1 Qb4 10. Bc3 Qb5+ 11. Qe2+ Qxe2+ 12. Kxe2 d4 13. Bd2 O-O-O 14. h3 d3+ 15. Kf1 Bxf3 16. Bxf3 Nd4 17. Kg2 Nxc2 18. Nc3 Nxa1 19. Rxa1 a6 20. Ne4 Ne7 21. Ng5 Nc6 22. Nxf7 Bb4 23. Rd1 Bxd2 24. Rxd2 g6 25. Nxh8 Rxh8 26. Bxc6 bxc6 27. Rxd3 Kc7 28. f4 Re8 29. Kf3 Re1 30. Re3 Rf1+ 31. Kg4 Rf2 32. Re7+ Kb6 33. Rxh7 Rxb2 34. Rg7 Rxa2 35. Rxg6 a5 36. h4 a4 37. Rg8 Kb7 38. Re8 a3 39. Re3 Ra1 40. h5 a2 41. Ra3 c5 42. h6 Rh1 43. Rxa2 Rxh6 44. f5 Kc7 45. Kg5 Rh8 46. f6 Rg8+ 47. Kf4 Kd6 48. Re2 c4 49. g4 c3 50. g5 Rc8 51. Rc2 Ke6 52. Re2+ Kf7 53. Re7+ Kg6 54. Rg7+ Kh5 55. Rh7+ Kg6 56. Rh6+ Kf7 57. Rh7+ Kg6 58. Rg7+ Kh5 59. Rh7+ Kg6 1/2-1/2


[Site "https://www.chess.com"]

[Event "Titled Tuesday Blitz August 02 Late 2022"]
[White "Guz, Ari"]
[Black "Izoria, Zviad"]
[WhiteFideId "2825759"]
[BlackFideId "13601733"]
[WhiteElo "1913"]
[BlackElo "2626"]
[Result "0-1"]
[Round "05"]
[TimeControl "180+1"]
[Date "2022.08.02"]
[WhiteClock "0:00:12"]
[BlackClock "0:00:41"]

1. e4 c5 2. Nf3 a6 3. c3 e6 4. d4 d5 5. exd5 exd5 6. Bd3 c4 7. Bc2 Bd6 8. O-O Ne7 9. Re1 O-O 10. Nbd2 Bf5 11. Nf1 Nbc6 12. Bg5 f6 13. Bh4 Qd7 14. Ne3 Bxc2 15. Qxc2 Bf4 16. Nf1 Ng6 17. Bg3 Rfe8 18. h4 Bxg3 19. Nxg3 Nf4 20. Rxe8+ Rxe8 21. Re1 Nd3 22. Rxe8+ Qxe8 23. Qd2 Qe6 24. h5 b5 25. b3 Ne7 26. bxc4 dxc4 27. Nh4 Nd5 28. Kf1 Qe7 29. Nhf5 Qa3 30. Nxg7 Kxg7 31. Nf5+ Kg8 32. Nh6+ Kf8 33. Ke2 Qxc3 0-1


[Site "https://www.chess.com"]

[Event "Titled Tuesday Blitz August 02 Late 2022"]
[White "Hakobyan, Aram"]
[Black "Nazari, Arad"]
[WhiteFideId "13306677"]
[BlackFideId "12577324"]
[WhiteElo "2557"]
[BlackElo "2129"]
[Result "1-0"]
[Round "05"]
[TimeControl "180+1"]
[Date "2022.08.02"]
[WhiteClock "0:02:29"]
[BlackClock "0:01:15"]

1. e4 e5 2. Nf3 Nc6 3. Bb5 a6 4. Ba4 Nf6 5. O-O Nxe4 6. Re1 Nc5 7. Bxc6 dxc6 8. Nxe5 Be7 9. d4 Ne6 10. Be3 O-O 11. c4 Re8 12. Nc3 Bd6 13. Nf3 Nf8 14. h3 Bf5 15. Qb3 Rb8 16. Rad1 Qf6 17. c5 Be7 18. d5 cxd5 19. Nxd5 Qg6 20. Ne5 Qh5 21. Nf4 Qg5 22. Nxf7 Qf6 23. Nh6+ 1-0


[Site "https://www.chess.com"]

[Event "Titled Tuesday Blitz August 02 Late 2022"]
[White "Harsha Bharathakoti"]
[Black "Kosteniuk, Alexandra"]
[WhiteFideId "5078776"]
[BlackFideId "4128125"]
[WhiteElo "2575"]
[BlackElo "2469"]
[Result "1/2-1/2"]
[Round "05"]
[TimeControl "180+1"]
[Date "2022.08.02"]
[WhiteClock "0:00:07"]
[BlackClock "0:00:14"]

1. c4 e5 2. Nf3 Nc6 3. Nc3 Nf6 4. e3 d5 5. cxd5 Nxd5 6. Bb5 Nxc3 7. bxc3 e4 8. Nd4 Bd7 9. Qa4 Nxd4 10. cxd4 Bd6 11. Bxd7+ Qxd7 12. Qxd7+ Kxd7 13. Rb1 b6 14. Ke2 c5 15. dxc5 Bxc5 16. Bb2 f6 17. Rbc1 Rhe8 18. Rc4 Rac8 19. f3 exf3+ 20. gxf3 b5 21. Rc3 Bf8 22. Rd3+ Ke6 23. Rb1 b4 24. a3 a5 25. axb4 axb4 26. Rd4 Ra8 27. Re4+ Kd5 28. Rd4+ Ke6 29. h4 Ra2 30. Re4+ Kd7 31. Rxe8 Kxe8 32. Kd3 Kf7 33. h5 Ra5 34. Rh1 Rc5 35. Bd4 Ra5 36. f4 g6 37. hxg6+ Kxg6 38. Rg1+ Kf7 39. Kc4 h5 40. e4 h4 41. f5 Ra3 42. d3 Ra2 43. Rh1 Rc2+ 44. Kb3 Rd2 45. Rh3 Bd6 46. Rxh4 Rxd3+ 47. Kc4 Rg3 48. Kd5 Bf8 49. Rh2 b3 50. Kc4 Ba3 51. Rh7+ Kg8 52. Rb7 b2 53. Bxf6 Re3 54. Kd5 Rd3+ 55. Kc4 Re3 56. Bxb2 Bxb2 57. Rxb2 Rxe4+ 58. Kd5 Re1 59. Rb7 Kf8 60. f6 Re2 61. Kd6 Re1 62. Re7 Rd1+ 63. Ke6 Re1+ 64. Kf5 Rxe7 65. fxe7+ Kxe7 1/2-1/2


[Site "https://www.chess.com"]

[Event "Titled Tuesday Blitz August 02 Late 2022"]
[White "Harshavardhan G B"]
[Black "Perez Leiva, Jerzy Jesus"]
[WhiteFideId "25059009"]
[BlackFideId "3524337"]
[WhiteElo "1831"]
[BlackElo "2287"]
[Result "1-0"]
[Round "05"]
[TimeControl "180+1"]
[Date "2022.08.02"]
[WhiteClock "0:00:20"]
[BlackClock "0:00:07"]

1. e4 d6 2. d4 Nf6 3. Nc3 e5 4. Nf3 Nbd7 5. g4 g6 6. g5 Nh5 7. Bc4 Bg7 8. Be3 c6 9. Qd2 b5 10. Bb3 a5 11. a4 b4 12. Ne2 O-O 13. Ng3 exd4 14. Nxd4 c5 15. Nb5 Ne5 16. O-O-O c4 17. Ba2 Bg4 18. Nxh5 Bxh5 19. Qxd6 Bxd1 20. Rxd1 b3 21. cxb3 Nd3+ 22. Kb1 Nxb2 23. Qxd8 Rfxd8 24. Rxd8+ Rxd8 25. bxc4 Nxa4 26. Kc2 Rc8 27. Na7 Rc7 28. Nb5 Rb7 29. Bb3 Nb6 30. c5 Nc8 31. Ba4 Re7 32. f3 Be5 33. Na3 Bxh2 34. Nc4 Rc7 35. c6 Ne7 36. Bb6 Rc8 37. Nxa5 Bc7 38. Bxc7 Rxc7 39. Kc3 f6 40. gxf6 Nxc6 41. Nxc6 h5 42. Kd4 h4 43. e5 h3 44. e6 h2 45. e7 Rc8 46. Nd8 h1=Q 47. e8=Q+ Kh7 48. Qd7+ Kh6 49. Qxc8 Qa1+ 50. Kd5 Qa2+ 51. Kd6 Qxa4 52. Nf7+ Kh5 53. Qh3+ Qh4 54. Qxh4+ Kxh4 55. Ne5 g5 56. f7 g4 57. fxg4 Kg5 58. f8=Q Kh4 59. Qf6+ Kg3 60. g5 Kh2 61. g6 Kh3 62. g7 Kh2 63. Qg6 Kh1 64. g8=Q Kh2 65. Q8h7# 1-0


[Site "https://www.chess.com"]